Match 42486855
Unlisted

Match 42486855
End
Royal Engineer Section
Construct Section Command Post
Infantry Section
ML 3-inch Mortar Team
Infantry Section
Infantry Section
Construct Platoon Command Post
Infantry Section
6-pounder Anti-tank Gun Team
*Mule
FeriG
HulkSMASH
⚓️Ruby⚓
0
0

Comments sign in to comment!

No comments posted yet!